 Dungeon Crawl Stone Soup version 0.23.2 (webtiles) character file.

Game seed: 14577593285097110223

387 Borgoz the Cutter (level 6, -3/36 HPs)
             Began as a Gargoyle Gladiator on Apr 10, 2019.
             Killed from afar by an orc (5 damage)
             ... with a wand of acid (9)
             ... on level 4 of the Dungeon on Apr 11, 2019.
             The game lasted 00:11:31 (2647 turns).

Borgoz the Cutter (Gargoyle Gladiator)              Turns: 2647, Time: 00:11:32

Health: -3/36      AC: 15    Str: 17    XL:     6   Next: 78%
Magic:  0/6        EV: 15    Int:  9    God:
Gold:   227        SH:  0    Dex: 13    Spells: 5/5 levels left

rFire    + + .     SeeInvis .   a - +0 rapier
rCold    . . .     Gourm    .   (no shield)
rNeg     + . .     Faith    .   e - +0 scale mail
rPois    ∞         Spirit   +   c - +0 helmet
rElec    +         Reflect  .   y - scarf {rC+ rF+}
rCorr    .         Harm     .   j - +2 pair of gloves
MR       .....                  (no boots)
Stlth    +.........             u - amulet of guardian spirit
HPRegen  0.12/turn              k - +4 ring of evasion
MPRegen  0.10/turn              v - ring of fire

@: no status effects
A: negative energy resistance 1, electricity resistance, unbreathing,
petrification resistance, rot immunity, AC +4
a: no special abilities


You were on level 4 of the Dungeon.
You were full.

You visited 1 branch of the dungeon, and saw 4 of its levels.
You also visited: Sewer.

You collected 227 gold pieces.

Inventory:

Hand Weapons
 a - a +0 rapier (weapon)
Missiles
 d - 2 throwing nets (quivered)
Armour
 c - a +0 helmet (worn)
 e - a +0 scale mail (worn)
 j - a +2 pair of gloves (worn)
 y - a scarf of resistance (worn)
 A - a +0 pair of gloves
Jewellery
 k - a +4 ring of evasion (left hand)
 l - an uncursed ring of flight
 m - an uncursed amulet of the gourmand
 u - an amulet of guardian spirit (around neck)
 v - a ring of fire (right hand)
 z - an uncursed ring of protection from cold {unknown}
Scrolls
 b - a scroll of enchant weapon {unknown}
 n - 3 scrolls of identify {unknown}
 o - 3 scrolls of remove curse {unknown}
 p - 2 scrolls of blinking {unknown}
 q - 3 scrolls of teleportation {unknown}
 r - a scroll of random uselessness {unknown}
Potions
 h - a potion of lignification {unknown}
 i - a potion of ambrosia {unknown}
 s - a potion of berserk rage {unknown}
 w - 4 potions of flight {unknown}
 x - 6 potions of curing {unknown}
Comestibles
 f - 8 rations
 t - 11 chunks of flesh


   Skills:
 + Level 2.8 Fighting
 * Level 5.1 Short Blades
 - Level 1.7 Throwing
 * Level 2.3 Armour
 * Level 3.4 Dodging
 * Level 2.2 Stealth


You had 5 spell levels left.
You didn't know any spells.
Your spell library was empty.

Dungeon Overview and Level Annotations

Branches:
Dungeon (4/15)
 Temple: D:4-7

Altars:
Kikubaaqudgha
Okawaru

Annotations:
D:2 Sigmund


Innate Abilities, Weirdness & Mutations

You are resistant to torment.
Your stone body is resilient. (AC +4)
You are immune to poison.
You resist negative energy. (rN+)
You are resistant to electric shocks. (rElec)
You can survive without breathing.
You are immune to petrification.
You are immune to rotting.


Message History

You butcher the orc corpse.
t - 11 chunks of flesh (gained 3)
Things that are here:
a cursed -2 whip; an orc skeleton You see here a +0 ring mail.
You see here a pair of gloves.
A - a pair of gloves
There is an escape hatch in the ceiling here.
An orc comes into view.
It is wielding a +0 short sword and carrying a wand of acid (10).
The orc shouts!
You hear a shout!
You see here 12 gold pieces.
An ogre comes into view. It is wielding a +0 giant spiked club.
The orc zaps a wand.
The bolt of acid hits you!
You are splashed with acid!
* * * LOW HITPOINT WARNING * * *
You are too injured to fight recklessly!
You are too injured to fight recklessly!
You are too injured to fight recklessly!
It was a potion of cancellation.
You feel magically purged.
The orc zaps a wand.
The bolt of acid hits you.
You die...

######### ... ....... ....
..... .... .O. #...
#o###+### ##...##@##....#
..............##########
.......$.....##...##.##.
...........>..#......'..
..............#......#..
##########.....##......#..
.##......###.....##......##.
........<........##########.
...........).....#..........


You could see an ogre and an orc.

Vanquished Creatures
  3 orc wizards
  An orc priest (D:4)
  An iguana (D:4)
  Robin (D:3)
  6 adders
  5 river rats (Sewer)
  2 oozes
  A worm (D:4)
  A dart slug (D:1)
  4 leopard geckos
  10 orcs
  2 bats (D:1)
  2 giant cockroaches
  17 goblins
  9 hobgoblins
  4 jackals (D:4)
  5 ball pythons
  3 frilled lizards
  A jackal skeleton (D:4)
  18 kobolds
  30 rats
126 creatures vanquished.

Notes
Turn   | Place    | Note
-------+----------+-------------------------------------------
     0 | D:1      | Borgoz the Gargoyle Gladiator began the quest for the Orb.
     0 | D:1      | Reached XP level 1. HP: 12/12 MP: 1/1
    96 | D:1      | Reached XP level 2. HP: 14/17 MP: 2/2
   250 | D:1      | Reached skill level 3 in Short Blades
   414 | D:1      | Reached XP level 3. HP: 20/21 MP: 3/3
   899 | D:2      | Noticed Sigmund
  1431 | D:3      | Found an ancient bone altar of Kikubaaqudgha.
  1461 | D:3      | Reached skill level 1 in Armour
  1461 | D:3      | Reached skill level 1 in Stealth
  1461 | D:3      | Reached XP level 4. HP: 27/27 MP: 4/4
  1564 | D:3      | Noticed Robin
  1600 | D:3      | Killed Robin
  1600 | D:3      | Reached skill level 4 in Short Blades
  1738 | D:3      | Found an iron altar of Okawaru.
  1792 | D:4      | Reached XP level 5. HP: 31/31 MP: 1/5
  1885 | D:4      | Found a glowing drain.
  1929 | Sewer    | Entered a sewer
  2149 | Sewer    | Reached XP level 6. HP: 36/36 MP: 6/6
  2558 | D:4      | Reached skill level 5 in Short Blades
  2560 | D:4      | HP: 1/36 [iguana (5)]
  2647 | D:4      | Killed from afar by an orc

Skill      XL: |  1  2  3  4  5  6 |
---------------+-------------------+-----
Short Blades   | 3 4 5 |  5.1
Dodging        | 3 |  3.4
Armour         | 1 2 |  2.3
Stealth        | 1 2 |  2.2
Fighting       | |  2.8
Throwing       | |  1.7

Action                   |  1- 3 |  4- 6 || total
-------------------------+-------+-------++-------
Melee: Rapier            |   124 |   293 ||   417
Throw: Throwing net      |       |     2 ||     2
  Use: Potion            |       |     4 ||     4
 Stab: Held in net/web   |       |     2 ||     2
  Eat: Chunk             |    13 |     5 ||    18
Armor: Leather armour    |    23 |       ||    23
       Scale mail        |    31 |   140 ||   171
Dodge: Dodged            |    83 |   296 ||   379
